 Dungeon Crawl Stone Soup version 0.25.0-10-g039870ee82 (webtiles) character file.

Game seed: 18223271690515845439

24 Aviak the Digger (level 3, -3/23 (28) HPs)
             Began as a Ghoul Earth Elementalist on June 23, 2020.
             Slain by an adder (4 damage)
             ... on level 2 of the Dungeon.
             The game lasted 00:01:25 (2019 turns).

Aviak the Digger (Ghoul Earth Elementalist)         Turns: 2019, Time: 00:01:26

HP:   -3/23 (28)    AC:  2    Str: 12    XL:     3   Next: 2%
MP:   1/4           EV: 11    Int: 10    God:
Gold: 80            SH:  2    Dex:  9    Spells: 4/5 levels left

rFire    . . .     SeeInvis .     - Unarmed
rCold    + . .     Gourm    .   g - +0 buckler
rNeg     + + +     Faith    .   c - +0 robe
rPois    ∞         Spirit   .   (no helmet)
rElec    .         Reflect  .   (no cloak)
rCorr    .         Harm     .   (no gloves)
MR       .....                  (no boots)
Stlth    ++........             (no amulet)
HPRegen  0.00/turn              (no ring)
MPRegen  0.09/turn              (no ring)

@: very slightly contaminated, rotting
A: rotting body, claws 1, carnivore, cold resistance 1, negative energy
resistance 3, inhibited regeneration, torment resistance, unbreathing
a: no special abilities


You were on level 2 of the Dungeon.
You were not hungry.

You visited 1 branch of the dungeon, and saw 2 of its levels.

You collected 80 gold pieces.

Inventory:

Missiles
 b - 87 stones (quivered)
Armour
 c - a +0 robe (worn)
 g - a +0 buckler (worn)
Scrolls
 a - a scroll of amnesia {unknown}
 f - 2 scrolls of teleportation {unknown}
Potions
 e - a potion of lignification {unknown}
 h - 2 potions of curing {unknown}
Comestibles
 d - 4 rations


   Skills:
 + Level 1.4 Fighting
 + Level 2.2 Dodging
 - Level 2.1 Stealth
 + Level 0.0 Shields
 + Level 1.4 Unarmed Combat
 - Level 1.7 Spellcasting
   Level 0.8 Transmutations
 - Level 3.2 Earth Magic


You had 4 spell levels left.
You knew the following spells:

 Your Spells              Type           Power        Failure   Level  Hunger
a - Sandblast             Erth           #.....       14%         1    ##.....

Your spell library contained the following spells:

 Spells                   Type           Power        Failure   Level  Hunger
 Passwall                 Tmut/Erth      #.......     34%         2    ###....
 Stone Arrow              Conj/Erth      #.....       63%         3    ####...
 Petrify                  Tmut/Erth      #.......     92%         4    #####..
 Lee's Rapid Deconstruct  Erth           #.........   98%         5    ######.


Dungeon Overview and Level Annotations

Branches:
Dungeon (2/15)

Altars:


Innate Abilities, Weirdness & Mutations

Your body is rotting away.
You thrive on raw meat.
You are immune to poison.
You have sharp fingernails.
You are carnivorous and can eat meat at any time.
Your flesh is cold resistant. (rC+)
You are immune to negative energy. (rN+++)
You do not regenerate when monsters are visible.
You are immune to unholy pain and torment.
You can survive without breathing.


Message History

* * * LOW HITPOINT WARNING * * *
You scratch the adder.
The adder is moderately wounded.
The adder barely misses you.
Unknown command.
You barely miss the adder.
The adder is moderately wounded.
The adder bites you but does no damage. The adder completely misses you.
Unknown command.
You closely miss the adder.
The adder is moderately wounded.
The adder bites you.
* * * LOW HITPOINT WARNING * * *
You closely miss the adder.
The adder is moderately wounded.
The adder completely misses you.
You barely miss the adder.
The adder is moderately wounded.
The adder bites you.
You die...

#.# ..#
#######.######.#
............##.#
....###......#.##
.. #.#<......#
######....##
.........w..#
#########S###
#....@..#
#.###..## #..#
#..# #..# ...#
##.# .#


You could see a worm and an adder.

Vanquished Creatures
  A dart slug (D:1)
  2 leopard geckos (D:1)
  2 giant cockroaches (D:1)
  2 goblins (D:1)
  3 hobgoblins (D:1)
  4 kobolds (D:1)
  A bat (D:1)
  A frilled lizard (D:1)
  3 rats (D:1)
19 creatures vanquished.

Notes
Turn   | Place    | Note
-------+----------+-------------------------------------------
     0 | D:1      | Aviak the Ghoul Earth Elementalist began the quest for the
                  | Orb.
     0 | D:1      | Reached XP level 1. HP: 14/14 MP: 2/2
   432 | D:1      | Reached XP level 2. HP: 17/20 MP: 3/3
   482 | D:1      | Reached skill level 1 in Fighting
   482 | D:1      | Reached skill level 1 in Unarmed Combat
  1542 | D:1      | Reached XP level 3. HP: 5/23 MP: 0/4
  2017 | D:2      | HP: 1/23 [adder (2)]
  2019 | D:2      | Slain by an adder

Illustrated notes

Levels and vault maps discovered:
D:1:      lemuel_arrival_hallway, layout_basic
D:2:      layout_basic, nicolae_ru_awakened_eye, uniq_sigmund, uniq_natasha

Skill      XL: |  1  2 |
---------------+-------+-----
Dodging        | 2 |  2.2
Fighting       | 1 |  1.4
Unarmed Combat | 1 |  1.4
Stealth        | |  2.1
Spellcasting   | |  1.7
Transmutations | |  0.8
Earth Magic    | |  3.2

Action                   || total
-------------------------++-------
Melee: Unarmed           ||    61
 Cast: Sandblast         ||    21
 Stab: Sleeping          ||     3
  Eat: Chunk             ||     4
Armor: Robe              ||    14
Dodge: Dodged            ||    34
Block: Buckler           ||     1
